 Dungeon Crawl Stone Soup version 0.25-a0-164-gb55e97dba5 (webtiles) character file.

Game seed: 13984358348131049225, levelgen mode: deterministic

229001 mortelune the Devastator (level 18, -3/140 HPs)
             Began as a Demonspawn Fire Elementalist on Nov 22, 2019.
             Was an Elder of Qazlal.
             Slain by a merfolk
             ... wielding a +0 trident
              (5 damage)
             ... on level 4 of the Shoals on Nov 23, 2019.
             The game lasted 03:08:17 (64991 turns).

mortelune the Devastator (DsFE)                    Turns: 64991, Time: 03:08:17

Health: -3/140     AC: 21    Str: 16    XL:     18   Next: 72%
Magic:  30/30      EV: 17    Int: 21    God:    Qazlal [****..]
Gold:   805        SH:  5    Dex: 27    Spells: 19/41 levels left

rFire    + . .     SeeInvis +   K - +11 whip "Weiwkit" {slash, +Rage MR- Dex+7 Stlth+}
rCold    + . .     Gourm    .   (no shield)
rNeg     . . .     Faith    .   E - +1 ring mail {rF+}
rPois    +         Spirit   .   w - +1 hat
rElec    +         Reflect  .   a - +2 cloak
rCorr    .         Harm     .   s - +1 pair of gloves of the Slightly Bent {MR++ Slay+3}
MR       ++++.                  U - +2 pair of boots
Stlth    ++........             J - amulet of magic regeneration
HPRegen  0.33/turn              M - ring of protection from magic
MPRegen  0.47/turn              C - ring of Democracy {rElec rPois rC- MR+ SInv}

@: mighty, agile, very slightly contaminated, repel missiles
A: antennae 2, claws 1, yellow scales 1, cold resistance 2, low mp 1, poison
resistance, powered by pain 3, spiny 2
}: 1/15 runes: serpentine
a: Upheaval, Elemental Force, Renounce Religion, Evoke Berserk Rage


You were on level 4 of the Shoals.
You worshipped Qazlal.
Qazlal was greatly pleased with you.
You were not hungry.

You visited 5 branches of the dungeon, and saw 31 of its levels.
You also visited: Ice Cave and Volcano.

You collected 3162 gold pieces.
You spent 2357 gold pieces at shops.

Inventory:

Hand Weapons
 K - the +11 whip "Weiwkit" (weapon) {slash, +Rage MR- Dex+7 Stlth+}
   (You took it off an orc on level 8 of the Dungeon)

   It inflicts extra damage upon your enemies.
   It affects your dexterity (+7).
   It affects your resistance to hostile enchantments.
   It lets you go berserk.
   It makes you more stealthy.
Armour
 a - a +2 cloak (worn)
 i - a +0 cloak of magic resistance
 s - the +1 pair of gloves of the Slightly Bent (worn) {MR++ Slay+3}
   (You found it on level 3 of the Shoals)

   It affects your accuracy and damage with ranged weapons and melee attacks
   (+3).
   It affects your resistance to hostile enchantments.
 v - a scarf of repulsion
 w - a +1 hat (worn)
 E - a +1 ring mail of fire resistance (worn)
 I - the +18 shield of the Gong {rElec rN+ MR+ EV-5}
   (You bought it in a shop on level 2 of the Orcish Mines)

   It affects your evasion (-5).
   It insulates you from electricity.
   It protects you from negative energy.
   It affects your resistance to hostile enchantments.
 U - a +2 pair of boots (worn)
 X - the +1 ring mail of Polish {*Slow rN+ Int+3 Stlth+}
   (You found it in an ice cave)

   It affects your intelligence (+3).
   It protects you from negative energy.
   It may slow you when you take damage.
   It makes you more stealthy.
Jewellery
 n - an uncursed ring of magical power
 o - an uncursed amulet of the acrobat
 q - an uncursed amulet of rage
 B - an uncursed amulet of the gourmand
 C - the ring of Democracy (right hand) {rElec rPois rC- MR+ SInv}
   (You found it on level 6 of the Lair of Beasts)

   [ring of protection from magic]

   It makes you vulnerable to cold.
   It insulates you from electricity.
   It protects you from poison.
   It affects your resistance to hostile enchantments.
   It lets you see invisible.
 D - an uncursed ring of fire
 G - an uncursed ring of resist corrosion
 J - an amulet of magic regeneration (around neck)
 M - a ring of protection from magic (left hand)
 Y - an uncursed ring of flight
Wands
 d - a wand of paralysis (28)
 y - a wand of digging (8)
 H - a wand of disintegration (26)
 R - a wand of acid (19)
 V - a wand of iceblast (18)
Scrolls
 f - 3 scrolls of identify
 h - 2 scrolls of enchant weapon
 j - 10 scrolls of remove curse
 k - 3 scrolls of fear
 m - 10 scrolls of enchant armour
 z - 4 scrolls of teleportation
 A - 2 scrolls of magic mapping
 N - 5 scrolls of immolation
 O - a scroll of blinking
 P - 7 scrolls of amnesia
 W - 5 scrolls of fog
Potions
 b - 4 potions of ambrosia
 e - a potion of lignification
 g - a potion of invisibility
 l - 3 potions of curing
 p - 5 potions of resistance
 r - 2 potions of magic
 t - 2 potions of haste
 u - 2 potions of agility
 x - 2 potions of heal wounds
 F - 3 potions of might
 Q - a potion of berserk rage
 S - a potion of brilliance
 T - 3 potions of flight
Comestibles
 c - 21 rations


   Skills:
 - Level 12.2 Fighting
 - Level 12.0 Maces & Flails
 + Level 11.1 Armour
 - Level 2.3 Dodging
 - Level 1.7 Stealth
 + Level 12.3 Spellcasting
 * Level 15.6 Conjurations
 - Level 14.2 Fire Magic
 - Level 13.0 Invocations


You had 19 spell levels left.
You knew the following spells:

 Your Spells              Type           Power        Failure   Level  Hunger
a - Flame Tongue          Conj/Fire      #####        1%          1    None
b - Throw Flame           Conj/Fire      ######       1%          2    None
c - Conjure Flame         Conj/Fire      ######..     1%          3    None
d - Sticky Flame          Conj/Fire      ######..     1%          4    None
e - Fireball              Conj/Fire      ######....   1%          5    ####...
f - Blink                 Tloc           N/A          12%         2    None
g - Call Imp              Summ           ##......     12%         2    None
q - Mephitic Cloud        Conj/Pois/Air  ####....     3%          3    None

Your spell library contained the following spells:

 Spells                   Type           Power        Failure   Level  Hunger
 Magic Dart               Conj           ####         0%          1    None
 Searing Ray              Conj           ######       1%          2    None
 Dazzling Spray           Conj/Hex       #####.       1%          3    None
 Inner Flame              Hex/Fire       #####...     1%          3    None
 Iskenderun's Mystic Bla  Conj           ######..     1%          4    None
 Force Lance              Conj/Tloc      #####...     3%          4    None
 Fulminant Prism          Conj/Hex       #####.....   3%          4    None
 Beastly Appendage        Tmut           ##....       9%          1    None
 Slow                     Hex            ##......     12%         2    None
 Sticks to Snakes         Tmut           ##......     12%         2    None
 Spider Form              Tmut/Pois      ##........   24%         3    None
 Bolt of Cold             Conj/Ice       #####.....   45%         6    #####..
 Conjure Ball Lightning   Conj/Air       #####.....   45%         6    #####..
 Ice Form                 Ice/Tmut       ##......     63%         4    None
 Summon Lightning Spire   Summ/Air       ##......     63%         4    None
 Freezing Cloud           Conj/Ice/Air   ####......   83%         6    #####..
 Blade Hands              Tmut           ##........   92%         5    ####...
 Metabolic Englaciation   Hex/Ice        ##........   92%         5    ####...
 Silence                  Hex/Air        ##........   92%         5    ####...
 Yara's Violent Unravell  Hex/Tmut       ##........   92%         5    ####...
 Deflect Missiles         Chrm/Air       ##........   100%        6    #####..
 Invisibility             Hex            ##......     100%        6    #####..
 Ozocubu's Refrigeration  Ice            ##........   100%        6    #####..
 Simulacrum               Ice/Necr       ##........   100%        6    #####..
 Tornado                  Air            ##........   100%        9    #######


Dungeon Overview and Level Annotations

Branches:
Dungeon (15/15)            Temple (0/1) D:7            Lair (6/6) D:10
 Shoals (4/4) Lair:2        Snake (4/4) Lair:4        Slime (0/5) Lair:6
    Orc (2/2) D:9             Elf (0/3) Orc:2        Vaults (0/5) D:13
 Depths (0/5) D:15          IceCv (visited)         Volcano (visited)

Altars:
Ashenzari
Fedhas
Kikubaaqudgha
Makhleb
Qazlal
Wu Jian
Xom
Yredelemnul
Zin
The Shining One
Beogh

Shops:
D:12 [   Orc:2 [(?[

Portals:
Trove: D:15 (give +2 storm dragon scales)

Annotations:
D:3 2 transporters, vurker's ghost, amateur FoAK
D:5 2 transporters, Slobodan's ghost, novice OpTm
Shoals:3 , 2 transporters


Innate Abilities, Weirdness & Mutations

You have a pair of antennae on your head.
You are partially covered in yellow scales. (AC +2)
You are powered by pain.
You are mostly covered in sharp spines.
You have sharp fingernails.
Your flesh is very cold resistant. (rC++)
Your magical capacity is low. (-10% MP)
Your system is resistant to poisons. (rPois)


Message History

The merfolk hits you from afar with a +0 trident!
* * * LOW HITPOINT WARNING * * *
The wind drake flaps its wings at you. The air twists around and strikes you!!
* * * LOW HITPOINT WARNING * * *
You focus on the pain.
You feel your power returning.
The snapping turtle is engulfed in freezing vapours.
The snapping turtle misses you.
The merfolk impaler is engulfed in a cloud of scalding steam.
The merfolk impaler hits you from afar with a +4 demon trident of freezing!
* * * LOW HITPOINT WARNING * * *
The sea snake is engulfed in a cloud of scalding steam.
The sea snake is struck by your spines.
You kill the sea snake!
Qazlal accepts your kill. The wind drake completely misses you.
The merfolk impaler is engulfed in a cloud of scalding steam.
The merfolk impaler hits you but does no damage.
The merfolk hits you from afar with a +0 trident.
You die...

≈≈≈≈≈≈≈≈≈≈≈≈≈≈≈
≈≈≈≈≈≈≈≈≈≈≈≈≈≈≈≈≈
≈≈≈≈≈≈≈≈§≈≈≈≈≈≈≈≈≈
≈≈≈≈≈≈≈≈≈≈≈≈≈○≈≈≈≈≈
≈≈≈≈≈≈≈≈≈≈≈≈≈≈≈≈≈≈≈
..≈≈≈≈≈≈≈≈≈≈≈≈≈≈≈≈≈
#.≈..≈≈≈≈§≈t≈°≈≈≈≈≈
#(≈...H{§§§§≈≈≈≈≈≈≈
#.....§§§@≈...≈≈≈
#..P..mmck○....≈≈
#..P...m≈≈.○≈≈≈≈≈
##≈PP....≈m.≈≈≈≈≈≈
#≈≈≈.....≈≈≈≈≈≈≈≈≈
#≈≈≈≈≈..≈≈≈≈≈≈≈≈.≈
#≈≈≈≈≈≈≈≈≈≈≈≈≈≈≈≈≈
#.≈≈P≈≈≈≈≈≈..≈≈≈≈≈≈
#.≈.!.P≈≈≈....≈≈≈≈.


You could see a merfolk impaler, a satyr, a snapping turtle, a wind drake, 2
merfolk and a water nymph.

Vanquished Creatures
  Nikola (Snake:3)
  Jorgrun (Orc:1)
  Rupert (D:12)
  A titan (Shoals:2)
  Donald (Shoals:1)
  8 nagarajas
  An orc warlord (Orc:2)
  2 frost giants
  Aizul (Shoals:2)
  Nessos (D:13)
  6 merfolk impalers
  Erolcha (Orc:1)
  Harold (Orc:1)
  7 hydras
  A hydra (shapeshifter) (D:14)
  21 naga warriors
  4 merfolk avatars
  4 merfolk aquamancers
  2 centaur warriors
  18 anacondas
  6 two-headed ogres
  11 death yaks
  7 shock serpents
  2 satyrs (Shoals:3)
  10 naga sharpshooters
  A salamander mystic (Snake:4)
  5 sea snakes
  3 unseen horrors
  3 wizards
  10 naga ritualists
  3 orc knights (Orc:1)
  24 harpies
  5 large abominations (D:14)
  4 deep elf magi
  14 mana vipers
  A necromancer (D:15)
  7 cyclopes
  An oklob plant (Lair:1)
  3 salamanders
  5 manticores
  4 ugly things
  19 fauns
  6 merfolk sirens
  Joseph (D:7)
  A toenail golem (Volcano)
  3 water nymphs
  15 elephants
  12 guardian serpents
  26 black mambas
  2 molten gargoyles (Volcano)
  Psyche (D:12)
  2 torpor snails (Lair:2)
  25 naga magi
  Maurice (Orc:2)
  27 spiny frogs
  2 rime drakes
  2 kobold demonologists (D:12)
  2 efreet (Volcano)
  10 komodo dragons
  2 freezing wraiths
  20 merfolk
  A hornet (D:13)
  9 trolls
  18 blink frogs
  13 polar bears (IceCv)
  5 tyrant leeches (Lair:6)
  3 slime creatures
  7 snapping turtles
  14 dream sheep
  A wind drake (Shoals:1)
  11 hippogriffs
  A spriggan (D:8)
  Sigmund (D:4)
  8 water elementals
  A wraith (D:12)
  2 shadows (D:15)
  4 wyverns
  52 yaks
  7 fire elementals (Volcano)
  4 hogs (Shoals:1)
  6 vampire mosquitoes
  2 hungry ghosts
  Menkaure (D:5)
  7 wargs
  47 nagas
  A soldier ant (D:11)
  Duvessa (D:7)
  10 porcupines
  11 water moccasins
  35 orc warriors
  2 hornet zombies
  3 phantoms
  3 black bears
  9 ice beasts
  2 eyes of draining
  A necrophage (D:11)
  10 ogres
  3 sky beasts
  22 centaurs
  22 wolves
  22 crocodiles
  3 big kobolds
  31 bullfrogs
  2 earth elementals (Volcano)
  7 small abominations (D:14)
  2 wyvern zombies
  A water moccasin skeleton (D:7)
  4 scorpions
  A wyvern skeleton (D:7)
  Dowan (D:7)
  7 jellies
  19 killer bees
  14 wights
  2 electric eels (Lair:3)
  3 howler monkeys
  9 crimson imps
  2 bullfrog zombies
  4 centaur zombies
  6 centaur skeletons
  19 orc priests
  6 hounds
  7 iguanas
  10 worker ants
  27 orc wizards
  7 hell rats
  A hound skeleton (D:10)
  4 gnolls (D:10)
  15 adders
  4 shadow imps
  An ooze (D:1)
  2 adder zombies
  An adder skeleton (D:8)
  A worm (D:4)
  2 dart slugs
  8 leopard geckos
  95 orcs
  4 ball pythons
  4 bats
  7 giant cockroaches
  7 goblins
  15 hobgoblins
  3 jackals (D:4)
  29 kobolds
  3 quokkas
  4 frilled lizards
  2 leopard gecko zombies
  5 rats
  A butterfly (Lair:2)
  2 fungi (Lair:5)
  3 plants
1190 creatures vanquished.

Vanquished Creatures (collateral kills)
  Saint Roka (Orc:2)
  Kirke (Shoals:1)
  The ghost of Bomoishrouc the Thaumaturge, a journeyman GnSk of Cheibriados (Shoals:3)
  A manticore (Shoals:1)
  A merfolk (Shoals:1)
  A hog (Shoals:1)
6 creatures vanquished.

Vanquished Creatures (others)
  A nagaraja (Snake:3)
  A naga warrior (Snake:3)
  A salamander (Snake:3)
  A toenail golem (Volcano)
  2 wolves (IceCv)
  A fire vortex (Volcano)
  18 fungi
  49 plants
74 creatures vanquished.

Grand Total: 1270 creatures vanquished

Notes
Turn   | Place    | Note
-------+----------+-------------------------------------------
     0 | D:1      | mortelune the Demonspawn Fire Elementalist began the quest
                  | for the Orb.
     0 | D:1      | Reached XP level 1. HP: 13/13 MP: 3/3
   172 | D:1      | Gained mutation: You are partially covered in yellow
                  | scales. (AC +2) [demonic ancestry]
   172 | D:1      | Reached XP level 2. HP: 4/19 MP: 1/5
   422 | D:1      | Learned a level 2 spell: Throw Flame
  1486 | D:2      | Reached XP level 3. HP: 24/24 MP: 0/6
  1602 | D:2      | Reached skill level 2 in Conjurations
  1607 | D:2      | Learned a level 3 spell: Conjure Flame
  1752 | D:2      | Found a blossoming altar of Fedhas.
  1849 | D:2      | You fall into a shaft and drop 1 floor!
  2958 | D:3      | Reached XP level 4. HP: 30/30 MP: 1/8
  3717 | D:3      | Noticed an ogre
  3718 | D:3      | Noticed vurker's ghost (amateur FoAK)
  3719 | D:3      | Found a transporter.
  3736 | D:3      | Noticed an ogre
  3743 | D:3      | Found a transporter.
  4362 | D:4      | Reached skill level 3 in Conjurations
  4362 | D:4      | Gained mutation: You sometimes gain a little power by
                  | taking damage. [demonic ancestry]
  4362 | D:4      | Reached XP level 5. HP: 35/35 MP: 9/9
  4481 | D:4      | Learned a level 4 spell: Sticky Flame
  5164 | D:4      | Noticed Sigmund
  5178 | D:5      | Entered Level 5 of the Dungeon
  5214 | D:5      | Noticed Menkaure
  5214 | D:5      | Noticed a centaur
  5218 | D:5      | Killed Menkaure
  5218 | D:5      | Reached skill level 1 in Fighting
  5218 | D:5      | Reached XP level 6. HP: 44/44 MP: 10/10
  5267 | D:5      | Reached skill level 4 in Conjurations
  5506 | D:5      | Gained mutation: You are partially covered in sharp spines.
                  | [demonic ancestry]
  5506 | D:5      | Reached XP level 7. HP: 51/51 MP: 10/11
  5670 | D:5      | Found a glowing golden altar of the Shining One.
  5670 | D:5      | Found a stormy altar of Qazlal.
  5678 | D:5      | Found a faded altar of an unknown god.
  5712 | D:5      | Found an ornate altar of the Wu Jian Council.
  5713 | D:5      | Found an ancient bone altar of Kikubaaqudgha.
  5945 | D:5      | Reached skill level 5 in Fire Magic
  5960 | D:5      | Found a transporter.
  5963 | D:5      | Noticed Slobodan's ghost (novice OpTm)
  5988 | D:5      | Found a transporter.
  6743 | D:4      | Reached skill level 5 in Conjurations
  6866 | D:4      | Killed Sigmund
  7410 | D:5      | Became a worshipper of Qazlal Stormbringer
  7548 | D:6      | Reached XP level 8. HP: 60/60 MP: 12/12
  8018 | D:6      | Reached skill level 5 in Fighting
  8018 | D:6      | Reached skill level 6 in Conjurations
  9094 | D:6      | Found a shattered altar of Ashenzari.
  9353 | D:6      | Identified a scroll of acquirement
  9356 | D:6      | Got a pitted hat
  9367 | D:6      | Identified the +0 hat of Mirth {MR- Int+2 SInv} (You
                  | acquired it on level 6 of the Dungeon)
  9476 | D:7      | Found a staircase to the Ecumenical Temple.
  9497 | D:7      | Gained mutation: You are mostly covered in sharp spines.
                  | [demonic ancestry]
  9497 | D:7      | Reached XP level 9. HP: 51/69 MP: 7/14
  9606 | D:7      | Noticed Joseph
  9625 | D:7      | Killed Joseph
  9625 | D:7      | Reached skill level 7 in Conjurations
 10112 | D:7      | Noticed Dowan
 10124 | D:7      | Killed Dowan
 10139 | D:7      | Noticed Duvessa
 10170 | D:7      | Killed Duvessa
 10566 | D:7      | Learned a level 5 spell: Fireball
 10734 | D:8      | Reached * piety under Qazlal
 11203 | D:8      | Learned a level 2 spell: Blink
 11562 | D:8      | Reached skill level 8 in Conjurations
 11567 | D:8      | Identified the +11 whip "Weiwkit" {slash, +Rage MR- Dex+7
                  | Stlth+}
 11923 | D:8      | Reached ** piety under Qazlal
 12076 | D:8      | Reached XP level 10. HP: 71/77 MP: 15/17
 12287 | D:9      | Reached skill level 5 in Spellcasting
 12959 | D:9      | Noticed a red ugly thing
 13208 | D:9      | Killed a red ugly thing
 13276 | D:9      | Reached skill level 9 in Conjurations
 13504 | D:9      | Found a burning altar of Makhleb.
 13504 | D:9      | Noticed an Executioner
 13572 | D:9      | Reached *** piety under Qazlal
 13808 | D:9      | Found a staircase to the Orcish Mines.
 14194 | D:9      | Found a glowing silver altar of Zin.
 14200 | D:9      | Found a basalt altar of Yredelemnul.
 14338 | D:10     | Entered Level 10 of the Dungeon
 14553 | D:10     | Noticed a two-headed ogre
 14557 | D:10     | Killed a two-headed ogre
 14557 | D:10     | Reached XP level 11. HP: 86/86 MP: 7/20
 14684 | D:9      | Learned a level 3 spell: Mephitic Cloud
 15142 | D:10     | Reached skill level 10 in Conjurations
 15440 | D:10     | Found a staircase to the Lair.
 15661 | D:10     | Gained mutation: Armour fits poorly on your strangely
                  | shaped body. [potion of mutation]
 15661 | D:10     | Gained mutation: Your system is resistant to poisons.
                  | (rPois) [potion of mutation]
 15661 | D:10     | Gained mutation: Your spells are a little easier to cast,
                  | but a little less powerful. [potion of mutation]
 15661 | D:10     | Gained mutation: You are agile. (Dex +2) [potion of
                  | mutation]
 15662 | D:10     | Lost mutation: You are agile. (Dex +2) [potion of mutation]
 15662 | D:10     | Lost mutation: Your spells are a little easier to cast, but
                  | a little less powerful. [potion of mutation]
 15662 | D:10     | Lost mutation: Armour fits poorly on your strangely shaped
                  | body. [potion of mutation]
 15662 | D:10     | Gained mutation: Your flesh is cold resistant. (rC+)
                  | [potion of mutation]
 15662 | D:10     | Gained mutation: Your magical capacity is low. (-10% MP)
                  | [potion of mutation]
 15662 | D:10     | Gained mutation: Your flesh is very cold resistant. (rC++)
                  | [potion of mutation]
 15662 | D:10     | Gained mutation: You have sharp fingernails. [potion of
                  | mutation]
 15749 | D:11     | Reached **** piety under Qazlal
 16209 | D:11     | Noticed a two-headed ogre
 16224 | D:11     | Killed a two-headed ogre
 16224 | D:11     | Reached skill level 1 in Maces & Flails
 16450 | D:11     | Reached skill level 10 in Fire Magic
 16847 | D:11     | Noticed a purple ugly thing
 16874 | D:11     | Killed a purple ugly thing
 17430 | Lair:1   | Entered Level 1 of the Lair of Beasts
 17685 | Lair:1   | Found a glowing silver altar of Zin.
 17685 | Lair:1   | Noticed an oklob plant
 17689 | Lair:1   | Killed an oklob plant
 18537 | Lair:1   | Reached skill level 11 in Conjurations
 18537 | Lair:1   | Reached XP level 12. HP: 72/94 MP: 15/20
 18861 | Lair:2   | Noticed a death yak
 18868 | Lair:2   | Killed a death yak
 18869 | Lair:2   | Reached ***** piety under Qazlal
 18872 | Lair:2   | Noticed a death yak
 19231 | Lair:2   | Killed a death yak
 19581 | Lair:2   | Noticed a seven-headed hydra
 19587 | Lair:2   | Killed a seven-headed hydra
 19705 | Lair:2   | Noticed a death yak
 19844 | Lair:2   | Killed a death yak
 20188 | Lair:2   | Noticed a death yak
 20200 | Lair:2   | Killed a death yak
 20430 | Lair:2   | Found a staircase to the Shoals.
 21107 | Lair:3   | Reached skill level 12 in Conjurations
 21524 | Lair:3   | Noticed an eight-headed hydra
 21527 | Lair:3   | Killed an eight-headed hydra
 22124 | Lair:4   | Noticed an eight-headed hydra
 22129 | Lair:4   | Killed an eight-headed hydra
 22129 | Lair:4   | Gained mutation: You sometimes gain power by taking damage.
                  | [demonic ancestry]
 22129 | Lair:4   | Reached XP level 13. HP: 101/101 MP: 7/22
 23276 | Lair:4   | Found a staircase to the Snake Pit.
 23689 | Lair:5   | Reached skill level 5 in Maces & Flails
 23899 | Lair:5   | Reached skill level 10 in Fighting
 24974 | Lair:6   | Entered Level 6 of the Lair of Beasts
 25974 | Lair:6   | Reached skill level 13 in Conjurations
 27164 | D:12     | Reached ****** piety under Qazlal
 27609 | D:12     | Noticed Psyche
 27617 | D:12     | Killed Psyche
 27886 | D:12     | Found Hufridgh's Antique Armour Boutique.
 27995 | D:12     | Reached XP level 14. HP: 97/111 MP: 24/24
 28060 | D:12     | Got a shimmering hand axe
 28093 | D:12     | Noticed Rupert
 28100 | D:12     | Paralysed by Rupert for 6 turns
 28107 | D:12     | Killed Rupert
 30000 | Lair:6   | Reached skill level 14 in Conjurations
 31415 | Lair:6   | Found a staircase to the Slime Pits.
 31796 | Lair:6   | Got a bound ivory ring
 31811 | Lair:6   | Identified the cursed +1 hand axe of Mokhe {antimagic,
                  | Int+2} (You found it on level 12 of the Dungeon)
 31813 | Lair:6   | Identified the ring of Democracy {rElec rPois rC- MR+ SInv}
                  | (You found it on level 6 of the Lair of Beasts)
 32090 | Lair:6   | Got a scorched shield
 32096 | Lair:6   | Identified the +4 shield of the Trilobite {rC++ Int-4
                  | Dex+5} (You acquired it on level 6 of the Lair of Beasts)
 32252 | Orc:1    | Entered Level 1 of the Orcish Mines
 32252 | Orc:1    | Noticed Erolcha
 32261 | D:9      | Reached skill level 1 in Invocations
 32427 | Orc:1    | Killed Erolcha
 32465 | Orc:1    | Noticed Jorgrun
 32485 | Orc:1    | Killed Jorgrun
 32485 | Orc:1    | Reached skill level 1 in Armour
 32491 | Orc:1    | Found a dark tunnel.
 32494 | Volcano  | Entered a volcano
 32901 | Volcano  | Learned a level 2 spell: Call Imp
 34141 | Orc:1    | Noticed Harold
 34163 | Orc:1    | Killed Harold
 34163 | Orc:1    | Reached XP level 15. HP: 93/119 MP: 24/24
 34426 | Orc:2    | Entered Level 2 of the Orcish Mines
 34426 | Orc:2    | Noticed Maurice
 34440 | Orc:2    | Killed Maurice
 34648 | Orc:2    | Noticed Saint Roka
 35308 | D:13     | Found a stormy altar of Qazlal.
 35643 | D:13     | Reached skill level 5 in Invocations
 35764 | D:13     | Noticed Nessos
 35777 | D:13     | Killed Nessos
 36064 | D:13     | Found a gate to the Vaults.
 37779 | D:14     | Found a shimmering altar of Xom.
 38245 | D:15     | Entered Level 15 of the Dungeon
 38315 | D:15     | Found a portal to a secret trove of treasure.
 38531 | D:14     | Reached skill level 15 in Conjurations
 38813 | D:15     | Found a frozen archway.
 38845 | IceCv    | Entered an ice cave
 40235 | IceCv    | Noticed a frost giant
 40242 | IceCv    | Killed a frost giant
 40437 | IceCv    | Got a distressingly furry ring mail
 40449 | IceCv    | Identified the +1 ring mail of Polish {*Slow rN+ Int+3
                  | Stlth+} (You found it in an ice cave)
 41388 | D:15     | Found a staircase to the Depths.
 41681 | Snake:1  | Entered Level 1 of the Snake Pit
 41987 | Snake:1  | You fall into a shaft and drop 1 floor!
 42896 | Snake:1  | Gained mutation: You have a pair of small antennae on your
                  | head. [demonic ancestry]
 42896 | Snake:1  | Reached XP level 16. HP: 91/127 MP: 14/25
 45557 | Snake:2  | Reached skill level 10 in Invocations
 46446 | Snake:2  | Reached skill level 5 in Armour
 49732 | Shoals:1 | Entered Level 1 of the Shoals
 49732 | Shoals:1 | Noticed Kirke
 49736 | Shoals:1 | Reached skill level 10 in Maces & Flails
 49740 | Shoals:1 | Noticed Donald
 49744 | Shoals:1 | Killed Kirke
 49746 | Shoals:1 | Killed Donald
 50652 | Shoals:1 | Noticed Aizul
 51294 | Orc:2    | Killed Saint Roka
 51314 | Orc:2    | Found a roughly hewn altar of Beogh.
 51401 | Orc:2    | Found a roughly hewn altar of Beogh.
 51404 | Orc:2    | Found Xuclaf's Magic Scroll Boutique.
 51413 | Orc:2    | Bought a scroll of teleportation for 51 gold pieces
 51794 | Orc:2    | Found a staircase to the Elven Halls.
 52102 | Orc:2    | Gained mutation: You have a pair of antennae on your head.
                  | [demonic ancestry]
 52102 | Orc:2    | Reached XP level 17. HP: 120/133 MP: 26/26
 52114 | Orc:2    | Found a roughly hewn altar of Beogh.
 52128 | Orc:2    | Found Rooc's Armour Emporium.
 52348 | Orc:2    | Found a roughly hewn altar of Beogh.
 52694 | Orc:2    | Found Lakav's Antique Armour Shop.
 52704 | Orc:2    | Found a roughly hewn altar of Beogh.
 52710 | Orc:2    | Found Gaijudy's Antique Weapon Boutique.
 52741 | Orc:2    | Bought a glowing cloak for 247 gold pieces
 52827 | Orc:2    | Bought the +18 shield of the Gong {rElec rN+ MR+ EV-5} for
                  | 1459 gold pieces
 52827 | Orc:2    | Found the +18 shield of the Gong {rElec rN+ MR+ EV-5}
 53704 | Shoals:1 | Found Soagher's Food Shop.
 53739 | Shoals:1 | Bought a ration for 50 gold pieces
 53739 | Shoals:1 | Bought a ration for 50 gold pieces
 53739 | Shoals:1 | Bought a ration for 50 gold pieces
 53739 | Shoals:1 | Bought a ration for 50 gold pieces
 53739 | Shoals:1 | Bought a ration for 50 gold pieces
 53739 | Shoals:1 | Bought a ration for 50 gold pieces
 53739 | Shoals:1 | Bought a ration for 50 gold pieces
 53739 | Shoals:1 | Bought a ration for 50 gold pieces
 53739 | Shoals:1 | Bought a ration for 50 gold pieces
 53739 | Shoals:1 | Bought a ration for 50 gold pieces
 53739 | Shoals:1 | Bought a ration for 50 gold pieces
 53739 | Shoals:1 | Bought a ration for 50 gold pieces
 53813 | Shoals:1 | Got a pair of polished gloves
 53824 | Shoals:1 | Identified the +1 pair of gloves of Beyond {rElec Str+8
                  | Dex-5} (You acquired it on level 1 of the Shoals)
 54791 | Snake:4  | Entered Level 4 of the Snake Pit
 54792 | Snake:4  | Noticed Nikola
 55732 | Snake:3  | Killed Nikola
 57564 | Snake:4  | Reached skill level 10 in Spellcasting
 58293 | Snake:4  | Identified the +7 hand crossbow of Reinforcement {elec,
                  | rElec} (You found it on level 4 of the Snake Pit)
 58869 | Snake:4  | Gained mutation: You are powered by pain. [demonic
                  | ancestry]
 58869 | Snake:4  | Reached XP level 18. HP: 73/140 MP: 24/29
 60122 | Snake:4  | Got a serpentine rune of Zot
 61222 | Shoals:2 | Reached skill level 10 in Armour
 61437 | Shoals:2 | Identified the cursed +1 halberd "Osiamynk" {chop, rF- rN++
                  | Dex+7} (You found it on level 2 of the Shoals)
 61931 | Shoals:2 | Killed Aizul
 62771 | Shoals:3 | Found a runed translucent gate.
 62782 | Shoals:3 | Found a runed translucent gate.
 62783 | Shoals:3 | Found a runed translucent gate.
 63717 | Shoals:3 | Noticed Bomoishrouc's ghost (journeyman GnSk)
 64040 | Shoals:3 | Found a transporter.
 64076 | Shoals:3 | Found a transporter.
 64272 | Shoals:3 | Killed Bomoishrouc's ghost
 64283 | Shoals:3 | Identified Vosoe's Handbook of Bewitching Conjuration
 64287 | Shoals:3 | Identified the +1 pair of gloves of the Slightly Bent {MR++
                  | Slay+3} (You found it on level 3 of the Shoals)
 64706 | Shoals:4 | Entered Level 4 of the Shoals
 64990 | Shoals:4 | HP: 2/140 [merfolk impaler/+4 demon trident of freezing
                  | (9)]
 64991 | Shoals:4 | Slain by a merfolk

Levels and vault maps discovered:
D:1:      lightli_arrival_statuegarden, layout_loops_ring
D:2:      layout_basic, fedhas_ov_isle_minmay
D:3:      layout_loops_corners, gammafunk_ghost_smash,
          minmay_randomly_rotated_circles
D:4:      layout_loops_corners, first_ration, hangedman_decor_lopped,
          uniq_sigmund
D:5:      layout_basic, chequers_temple_overflow_minitemple,
          gammafunk_ghost_stat_death, kennysheep_big_empty_room, uniq_menkaure
D:6:      layout_basic, cheibrodos_ashenzari_chains
D:7:      layout_rooms, minmay_temple_entry_statues, uniq_joseph, uniq_duvessa
D:8:      layout_loops_ring, the_bakery
D:9:      layout_cave_pools, amethyst_overflow_temple_binary, erik_orc_3,
          dk_noncrumbling_4, makhleb_altar_promises_db
D:10:     layout_long_grid, lair_entry_dummy
D:11:     layout_irregular_city
D:12:     layout_basic, serial_shops, shop, lemuel_old_faithful, uniq_psyche,
          uniq_rupert
D:13:     layout_loops_ring, david_vaults_1, basic_altar,
          roderic_serpentine_path, uniq_nessos
D:14:     layout_irregular_city, kennysheep_donut, basic_altar, laboratory
D:15:     grunt_enter_depths_magical_seal, layout_cave_pools,
          portal_ice_cave_entry_ice_beasts, enter_trove_1
Lair:1:   layout_roguey, lemuel_oklob_altar, grunt_megastairs_2
Lair:2:   layout_cave_pods, shoals_dummy_entry, infiniplex_staircase_pool_2,
          lemuel_fruit_fields
Lair:3:   layout_big_grid, serial_bayou_shore_a
Lair:4:   layout_loops_ring, guppyfry_snake_entry_garden
Lair:5:   layout_layer_cave
Lair:6:   minmay_lair_end_frog_pond, layout_layer_cave, dpeg_slime_entry_corner,
          grunt_megastairs_4
Shoals:1: layout_shoals, serial_shops, nicolae_shop_window_shopping, uniq_aizul,
          uniq_kirke, uniq_donald
Shoals:2: cheibrodos_shoals_gigantism, layout_shoals
Shoals:3: gammafunk_the_bubble [the_bubble_gammafunk_grid], layout_shoals,
          gammafunk_ghost_tricky_traps
Shoals:4: shoals_end_grunt_ice, layout_shoals, shoals_ilsuiw_alternative,
          uniq_roxanne
Snake:1:  layout_chambers, grunt_ministairs_9
Snake:2:  layout_grid_maze, serial_bayou_shore_b
Snake:3:  cheibrodos_snake_ritualist_ritual, layout_concentric_octagons,
          st_stairs_9
Snake:4:  grunt_snake_rune_serpentine_throne, layout_cave_town, uniq_nikola
Orc:1:    layout_caves, enter_volcano_4, uniq_harold, uniq_erolcha, uniq_jorgrun
Orc:2:    grunt_orc_community_town_hall, layout_caves,
          grunt_orc_community_big_house_2, grunt_orc_community_big_house_1,
          grunt_orc_community_house_3, grunt_orc_community_house_1,
          grunt_orc_community_house_1, grunt_orc_community_house_2,
          uniq_saint_roka, uniq_maurice

Skill      XL: |  1  2  3  4  5  6  7  8  9 10 11 12 13 14 15 16 17 18 |
---------------+-------------------------------------------------------+-----
Fire Magic     | 3 4 5 6 8 9 10 11 12 13 14 | 14.2
Conjurations   | 2 3 4 5 6 8 9 11 12 13 14 15 | 15.6
Spellcasting   | 3 4 6 7 8 10 12 | 12.3
Fighting       | 1 2 4 5 6 7 8 9 10 11 12 | 12.2
Dodging        | 2 |  2.3
Maces & Flails | 2 4 6 7 8 10 12 | 12.0
Invocations    | 4 9 12 13 | 13.0
Armour         | 1 4 6 9 11 | 11.1
Stealth        | |  1.7

Action                   |  1- 3 |  4- 6 |  7- 9 | 10-12 | 13-15 | 16-18 || total
-------------------------+-------+-------+-------+-------+-------+-------++-------
Melee: Short sword       |    16 |     4 |     1 |       |       |       ||    21
       Falchion          |       |       |    17 |       |       |       ||    17
       Whip              |       |       |     4 |    72 |   692 |   854 ||  1622
 Cast: Flame Tongue      |    35 |    55 |   171 |   260 |   237 |    71 ||   829
       Throw Flame       |    35 |    28 |    71 |   123 |   105 |    20 ||   382
       Conjure Flame     |       |     3 |     2 |     7 |     9 |     2 ||    23
       Sticky Flame      |       |     2 |    25 |    48 |   109 |   111 ||   295
       Fireball          |       |       |     1 |    77 |   159 |   242 ||   479
       Blink             |       |       |       |     4 |    12 |     8 ||    24
       Mephitic Cloud    |       |       |       |     2 |    28 |    11 ||    41
       Call Imp          |       |       |       |       |     3 |       ||     3
Invok: Elemental Force   |       |       |       |       |     1 |     5 ||     6
       Disaster Area     |       |       |       |       |       |    11 ||    11
Evoke: Wand              |       |       |       |     3 |     5 |       ||     8
       Phantom mirror    |       |       |       |       |       |     3 ||     3
  Use: Scroll            |       |       |    17 |     2 |    21 |    19 ||    59
       Potion            |       |       |       |     3 |     9 |     6 ||    18
 Stab: Confused          |       |       |       |     2 |    27 |     6 ||    35
       Distracted        |       |       |       |       |       |     1 ||     1
  Eat: Chunk             |     8 |     7 |    25 |    32 |    70 |    52 ||   194
       Ration            |       |     1 |     2 |     5 |    11 |    21 ||    40
Armor: Robe              |    10 |     8 |    19 |    33 |    87 |       ||   157
       Ring mail         |       |       |       |       |   165 |   291 ||   456
       Skin              |       |       |       |       |     1 |       ||     1
Dodge: Dodged            |    29 |    18 |    54 |   126 |   367 |   478 ||  1072
       Deflected         |       |       |     1 |     7 |    14 |   136 ||   158
Block: Other             |       |       |     4 |    41 |   267 |   312 ||   624
       Rpst.: Falchion   |       |       |    18 |       |       |       ||    18

Table legend:
 A = Non-vault XP
 B = Vault XP
 C = Vault XP percentage of total XP
 D = Non-vault monster count
 E = Vault monster count
 F = Vault count percentage of total count
                 A         B        C        D         E       F
            +---------+---------+-------+---------+---------+-------
      Total |  212904 |  139599 |  39.6 |     818 |     375 |  31.4
            +---------+---------+-------+---------+---------+-------
        D:1 |      32 |       0 |   0.0 |      16 |       0 |   0.0
        D:2 |      50 |       0 |   0.0 |      20 |       0 |   0.0
        D:3 |      58 |      35 |  37.6 |      20 |      10 |  33.3
        D:4 |     182 |     208 |  53.3 |      17 |       1 |   5.6
        D:5 |     686 |     165 |  19.4 |      20 |       1 |   4.8
        D:6 |    1238 |       0 |   0.0 |      24 |       0 |   0.0
        D:7 |     574 |     691 |  54.6 |      10 |       3 |  23.1
        D:8 |    2478 |     220 |   8.2 |      49 |       1 |   2.0
        D:9 |    3251 |     510 |  13.6 |      32 |      16 |  33.3
       D:10 |    3066 |       0 |   0.0 |      29 |       0 |   0.0
       D:11 |    5182 |       0 |   0.0 |      46 |       0 |   0.0
       D:12 |    6058 |    3306 |  35.3 |      38 |       2 |   5.0
       D:13 |    6777 |    3295 |  32.7 |      26 |       5 |  16.1
       D:14 |    6795 |    2896 |  29.9 |      14 |      13 |  48.1
       D:15 |    4090 |    4914 |  54.6 |      11 |      16 |  59.3
     Lair:1 |    3292 |     653 |  16.6 |      15 |       2 |  11.8
     Lair:2 |   11735 |       0 |   0.0 |      40 |       0 |   0.0
     Lair:3 |    4373 |       0 |   0.0 |      21 |       0 |   0.0
     Lair:4 |    5571 |     313 |   5.3 |      19 |       2 |   9.5
     Lair:5 |   12846 |    1412 |   9.9 |      38 |       6 |  13.6
     Lair:6 |    9316 |   14281 |  60.5 |      32 |      53 |  62.4
   Shoals:1 |   17666 |    3804 |  17.7 |      35 |       7 |  16.7
   Shoals:2 |   17256 |    7145 |  29.3 |      35 |       5 |  12.5
   Shoals:3 |   19441 |    6703 |  25.6 |      35 |      12 |  25.5
   Shoals:4 |     329 |    2966 |  90.0 |       2 |       5 |  71.4
    Snake:1 |    9434 |     689 |   6.8 |      16 |       2 |  11.1
    Snake:2 |   17316 |    2896 |  14.3 |      39 |       3 |   7.1
    Snake:3 |   20929 |    8070 |  27.8 |      40 |       8 |  16.7
    Snake:4 |   17817 |   44637 |  71.5 |      36 |      58 |  61.7
      Orc:1 |    4110 |    5348 |  56.5 |      28 |       4 |  12.5
      Orc:2 |     956 |    8721 |  90.1 |      15 |      81 |  84.4
      IceCv |       0 |   12158 | 100.0 |       0 |      45 | 100.0
    Volcano |       0 |    3563 | 100.0 |       0 |      14 | 100.0
            +---------+---------+-------+---------+---------+-------
